 Dungeon Crawl Stone Soup version 0.31-a0-200-gbc41564c69 (webtiles) character file.

Game seed: 7681161118765828396

30 qw the Shooter (level 3, 0/20 HPs)
             Began as a Deep Elf Hunter on June 25, 2023.
             Succumbed to their own poison gas
             ... on level 1 of the Dungeon.
             The game lasted 00:00:17 (629 turns).

qw the Shooter (Deep Elf Hunter)                     Turns: 629, Time: 00:00:18

Health: 0/20       AC:  8    Str: 13    XL:     3   Next: 3%
Magic:  5/5        EV: 11    Int: 13    God:
Gold:   88         SH:  0    Dex: 18    Spells: 2/2 levels left

rFire   . . .        Y - +1 shortbow
rCold   . . .        (shield currently unavailable)
rNeg    . . .        e - +0 ring mail
rPois   .            (no helmet)
rElec   .            (no cloak)
rCorr   .            g - +1 pair of gloves {Str+3}
SInv    .            i - +0 pair of boots
Will    .....        (no amulet)
Stlth   +            (no ring)
HPRegen 0.23/turn    (no ring)
MPRegen 0.09/turn

%: no passive effects
@: lethally poisoned (0 -> -6)
A: no striking features
a: no special abilities


You were on level 1 of the Dungeon.
You visited 1 branch of the dungeon, and saw 1 of its levels.

You collected 88 gold pieces.


   Skills:
 - Level 1.5 Fighting
 + Level 6.6 Ranged Weapons
 - Level 2.4 Dodging
 - Level 1.2 Stealth


You had 2 spell levels left.
You didn't know any spells.
Your spell library was empty.

Inventory:

Hand Weapons
 Y - a +1 shortbow (weapon)
Armour
 e - a +0 ring mail (worn)
 g - a +1 pair of gloves of strength (worn)
 i - a +0 pair of boots (worn)
Jewellery
 h - a ring of fire
Potions
 d - a potion of lignification {unknown}
 f - a potion of heal wounds

Dungeon Overview and Level Annotations

Branches:
Dungeon (1/15)

Altars:


Message History

Your +0 shortbow glows red for a moment.
Done exploring.
622 ||| READING scroll labelled ZUIJ SIENKIV.
As you read the scroll labelled ZUIJ SIENKIV, it crumbles to dust.
It is a scroll of enchant armour.
Really abort (and waste the scroll)?
Done exploring.
623 ||| READING scroll labelled DAYTWO HAMMULU.
The air fills with toxic fumes!
As you read the scroll labelled DAYTWO HAMMULU, it crumbles to dust.
It was a scroll of poison.
Done exploring.
624 ||| DRINKING 2 bubbling ruby potions.
It was a potion of heal wounds.
You feel much better.
Done exploring.
(D) Dungeon
Where to? (* - list waypoints, ? - help)
What level of the Dungeon? (default 1, ? - help) Sorry, I don't know how to get there.
Enter note:
Enter note:
Enter note:
Enter note:
Enter note:
Enter note:
Enter note:
Enter note:
Enter note: Really walk into that cloud of poison gas?
You are engulfed in poison gas.
You are poisoned.
You feel very sick.
626 ||| Stepping ~*~*~tactically~*~*~ (cloud).
You feel very sick.
You see here a +0 leather armour.
There is a lethal amount of poison in your body!
You feel very sick.
There is a lethal amount of poison in your body!
You feel sick.
There is a lethal amount of poison in your body!
You die...

###...## #.#.#
....#..##########.#.#
###.............).#.#
##.##############.#
####.# #.# .....# #.#
###### #.#
##########¤#
#¤¤¤¤¤0@¤¤¤#
#####0##########
#..^).# #.#####
######.# .......#
########


There were no monsters in sight!

Vanquished Creatures
  4 ball pythons (D:1)
  3 endoplasms (D:1)
  A giant cockroach (D:1)
  5 goblins (D:1)
  3 hobgoblins (D:1)
  4 kobolds (D:1)
  2 quokkas (D:1)
  2 bats (D:1)
  A rat (D:1)
25 creatures vanquished.

Notes
Turn   | Place    | Note
-------+----------+-------------------------------------------
     0 | D:1      | qw the Deep Elf Hunter began the quest for the Orb.
     0 | D:1      | Reached XP level 1. HP: 12/12 MP: 3/3
     0 | D:1      | 0 ||| qw: Version: 0.3-a-22-g0ed2b0b
     0 | D:1      | 0 ||| qw: Game counter: 5633
     0 | D:1      | 0 ||| qw: Melee chars always use a shield: true
     0 | D:1      | 0 ||| qw: God list: Okawaru
     0 | D:1      | 0 ||| qw: Allow faded altars: false
     0 | D:1      | 0 ||| qw: Do Orc after clearing Dungeon:15 true
     0 | D:1      | 0 ||| qw: Do second Lair branch before Depths: true
     0 | D:1      | 0 ||| qw: Lair rune preference: random
     0 | D:1      | 0 ||| qw: Goals: Normal
     0 | D:1      | 0 ||| PLANNING D:1-11
     6 | D:1      | 6 ||| DROPPING scroll of butterflies.
     7 | D:1      | 7 ||| Stepping ~*~*~tactically~*~*~ (water).
    86 | D:1      | Reached XP level 2. HP: 16/16 MP: 4/4
    88 | D:1      | Reached skill level 6 in Ranged Weapons
   570 | D:1      | Reached XP level 3. HP: 20/20 MP: 5/5
   600 | D:1      | 600 ||| UPGRADING to +0 ring mail.
   610 | D:1      | 610 ||| DROPPING +0 leather armour.
   611 | D:1      | 611 ||| UPGRADING to +1 pair of gloves of strength.
   616 | D:1      | 616 ||| UPGRADING to +0 pair of boots.
   621 | D:1      | 621 ||| READING scroll labelled BUCZAC XAENE.
   622 | D:1      | 622 ||| READING scroll labelled ZUIJ SIENKIV.
   623 | D:1      | 623 ||| READING scroll labelled DAYTWO HAMMULU.
   624 | D:1      | 624 ||| DRINKING 2 bubbling ruby potions.
   626 | D:1      | 626 ||| Stepping ~*~*~tactically~*~*~ (cloud).
   627 | D:1      | HP: 4/20 [poisoned by you (poison gas)]
   629 | D:1      | Succumbed to their own poison gas

Levels and vault maps discovered:
D:1:      lightli_arrival_boilingwater, layout_loops_ring, hangedman_decor_push,
          st_stairs_10

Skill      XL: |  1  2 |
---------------+-------+-----
Ranged Weapons | 6 |  6.6
Fighting       | |  1.5
Dodging        | |  2.4
Stealth        | |  1.2

Action                     || total
---------------------------++-------
   Fire: Shortbow          ||    59
    Use: Scroll            ||     3
         Potion            ||     1
 Armour: Leather armour    ||     1
  Dodge: Dodged            ||    11

Table legend:
 A = Non-vault XP
 B = Vault XP
 C = Vault XP percentage of total XP
 D = Non-vault monster count
 E = Vault monster count
 F = Vault count percentage of total count
                 A         B        C        D         E       F
            +---------+---------+-------+---------+---------+-------
      Total |      39 |       4 |   9.3 |      23 |       2 |   8.0
            +---------+---------+-------+---------+---------+-------
        D:1 |      39 |       4 |   9.3 |      23 |       2 |   8.0
            +---------+---------+-------+---------+---------+-------
